 Dungeon Crawl Stone Soup version 0.23.1 (webtiles) character file.

Game seed: 9620877267566089568

53540 Peloso the Peltast (level 14, -2/127 HPs)
             Began as a Minotaur Fighter on Mar 8, 2019.
             Was the Champion of Okawaru.
             Slain by an eight-headed hydra (9 damage)
             ... on level 5 of the Lair of Beasts.
             The game lasted 00:44:42 (19051 turns).

Peloso the Peltast (Minotaur Fighter)              Turns: 19051, Time: 00:44:43

Health: -2/127     AC: 24    Str: 24    XL:     14   Next: 31%
Magic:  14/14      EV:  9    Int:  5    God:    Okawaru [******]
Gold:   1161       SH: 14    Dex: 12    Spells: 13/13 levels left

rFire    . . .     SeeInvis +   J - +1 whip (flame)
rCold    . . .     Gourm    .   c - +0 shield
rNeg     . . .     Faith    +   y - +0 plate armour
rPois    .         Spirit   .   G - +1 hat {SInv}
rElec    .         Reflect  .   M - +2 cloak
rCorr    .         Harm     .   (no gloves)
MR       +....                  D - +2 pair of boots {run}
Stlth    ..........             S - amulet of faith
HPRegen  0.31/turn              l - ring of flight
MPRegen  0.14/turn              (no ring)

@: about to teleport, quick
A: retaliatory headbutt, horns 2
a: Heroism, Finesse, Renounce Religion, Evoke Flight


You were on level 5 of the Lair of Beasts.
You worshipped Okawaru.
Okawaru was exalted by your worship.
You were not hungry.

You visited 2 branches of the dungeon, and saw 17 of its levels.

You collected 1161 gold pieces.

Inventory:

Hand Weapons
 a - the +9 falchion of War {venom, +Inv rC+ Str+3}
   (You found it on level 11 of the Dungeon)

   It poisons the flesh of those it strikes.
   It affects your strength (+3).
   It protects you from cold.
   It lets you turn invisible.
 b - a +3 long sword
 i - a +2 scimitar of holy wrath
 J - a +1 whip of flaming (weapon)
 L - a +2 long sword of protection
Armour
 c - a +0 shield (worn)
 h - a +0 pair of boots
 q - a +0 chain mail
 y - a +0 plate armour (worn)
 D - a +2 pair of boots of running (worn)
 G - a +1 hat of see invisible (worn)
 M - a +2 cloak (worn)
Jewellery
 l - a ring of flight (left hand)
 o - an uncursed amulet of the gourmand
 r - a +2 ring of protection {unknown}
 v - an uncursed ring of ice
 E - an uncursed amulet of rage
 P - an uncursed ring of stealth {unknown}
 S - an amulet of faith (around neck)
Wands
 m - a wand of scattershot (4)
 u - a wand of iceblast (28)
 H - a wand of random effects (19)
 I - a wand of disintegration (18)
 Q - a wand of paralysis (15)
Scrolls
 g - 10 scrolls of remove curse
 k - 8 scrolls of fog
 p - a scroll of identify
 s - 8 scrolls of amnesia
 x - a scroll of enchant armour
 z - 3 scrolls of immolation {unknown}
 B - 5 scrolls of blinking {unknown}
 F - 4 scrolls of magic mapping {unknown}
 R - a scroll of enchant weapon
 T - a scroll of summoning {unknown}
Potions
 d - 2 potions of might
 e - 2 potions of haste
 n - a potion of ambrosia
 t - 4 potions of agility
 w - 2 potions of invisibility
 A - a potion of curing
 C - a potion of flight
 K - 2 potions of resistance
 N - 2 potions of berserk rage
Comestibles
 f - 31 rations
 O - 3 chunks of flesh


   Skills:
 + Level 12.7 Fighting
 + Level 15.7 Long Blades
 + Level 2.5 Maces & Flails
 + Level 13.2 Armour
 + Level 3.8 Dodging
 + Level 1.9 Stealth
 + Level 16.1 Shields
 + Level 2.0 Unarmed Combat
 + Level 2.3 Invocations
 + Level 0.9 Evocations


You had 13 spell levels left.
You didn't know any spells.
Your spell library contained the following spells:

 Spells                   Type           Power        Failure   Level  Hunger
 Animate Skeleton         Necr           N/A          99%         1    ##.....
 Apportation              Tloc           #.....       99%         1    ##.....
 Confusing Touch          Hex            #.....       99%         1    ##.....
 Magic Dart               Conj           #...         99%         1    ##.....
 Summon Small Mammal      Summ           #...         99%         1    ##.....
 Blink                    Tloc           N/A          100%        2    ###....
 Call Imp                 Summ           #.......     100%        2    ###....
 Slow                     Hex            #.......     100%        2    ###....
 Call Canine Familiar     Summ           #.......     100%        3    ####...
 Conjure Flame            Conj/Fire      #.......     100%        3    ####...
 Mephitic Cloud           Conj/Pois/Air  #.......     100%        3    ####...
 Summon Guardian Golem    Hex/Summ       #.......     100%        3    ####...
 Summon Ice Beast         Ice/Summ       #.......     100%        4    #####..
 Summon Lightning Spire   Summ/Air       #.......     100%        4    #####..


Dungeon Overview and Level Annotations

Branches:
Dungeon (11/15)            Temple (0/1) D:7            Lair (6/6) D:9
 Shoals (0/4) Lair:4        Snake (0/4) Lair:3
  Slime: Lair:5-6       Orc: D:9-12

Altars:
Elyvilon
Makhleb
Nemelex Xobeh
Okawaru
Qazlal
Ru
Trog

Shops:
D:9 *


Innate Abilities, Weirdness & Mutations

You reflexively headbutt those who attack you in melee.
You have a pair of horns on your head.


Message History

The eight-headed hydra bites you!
* * * LOW HITPOINT WARNING * * *
The eight-headed hydra bites you.
* * * LOW HITPOINT WARNING * * *
The eight-headed hydra bites you!
* * * LOW HITPOINT WARNING * * *
The eight-headed hydra bites you.
* * * LOW HITPOINT WARNING * * *
The eight-headed hydra bites you but does no damage.
As you read the scroll of teleportation, it crumbles to dust.
You feel strangely unstable.
The hippogriff bites you but does no damage.
The hippogriff barely misses you. The hippogriff closely misses you. x2
You block the hippogriff's attack.
The hippogriff claws you but does no damage.
The eight-headed hydra bites you.
* * * LOW HITPOINT WARNING * * *
You block the eight-headed hydra's attack.
The eight-headed hydra bites you!
You die...

................
.................
.................
.................
.<...............
................ .....P
#Y............ .......
##HY...$.##.... .. #.#....
#@#Y....## #... #.....
#HDY...## ##..# #.....
##Y....## ####...#
#....#####......###.##....
####...P.##............P...#
......P†...............P....
............................
#..##.......................
# #...................[....


You could see an eight-headed hydra, 2 hippogriffs and 4 yaks.

Vanquished Creatures
  Erolcha (D:10)
  Snorg (Lair:3)
  6 hydras
  A centaur warrior (D:11)
  8 death yaks
  A queen ant (Lair:3)
  Pikel (D:7)
  An oklob plant (Lair:6)
  2 ugly things (D:11)
  A cyclops (D:11)
  15 elephants (Lair:6)
  4 black mambas
  29 spiny frogs
  A rime drake (Lair:6)
  7 komodo dragons
  4 trolls
  24 blink frogs
  4 tyrant leeches (Lair:6)
  6 hippogriffs
  Sigmund (D:5)
  A wraith (D:11)
  A wyvern (Lair:6)
  22 yaks
  A hungry ghost (D:10)
  2 basilisks (Lair:3)
  6 vampire mosquitoes (Lair:6)
  2 nagas (Lair:3)
  5 soldier ants (Lair:3)
  Duvessa (D:5)
  6 orc warriors
  7 porcupines
  16 water moccasins
  2 necrophages
  An ice beast (D:11)
  A hornet zombie (D:10)
  8 sky beasts
  3 centaurs
  7 ogres
  6 crocodiles
  A big kobold (D:11)
  23 bullfrogs
  Dowan (D:5)
  A wyvern skeleton (D:8)
  5 scorpions
  10 killer bees
  12 wights
  A howler monkey (D:3)
  8 crimson imps
  3 electric eels (Lair:6)
  2 bullfrog zombies
  A centaur zombie (D:9)
  3 hounds
  2 jellies
  8 orc priests
  A bullfrog skeleton (D:5)
  6 iguanas
  Natasha (thrice) (D:2)
  10 orc wizards
  12 worker ants
  A hound zombie (D:11)
  A hound skeleton (D:10)
  A howler monkey zombie (D:7)
  A worker ant zombie (D:11)
  Robin (D:3)
  11 adders
  2 howler monkey skeletons
  4 shadow imps
  An ooze (D:6)
  An adder skeleton (D:2)
  4 worms
  A dart slug (D:3)
  5 leopard geckos
  43 orcs
  3 ball pythons
  3 giant cockroaches
  10 hobgoblins
  11 jackals
  2 quokkas
  9 bats
  5 frilled lizards
  11 goblins
  A jackal skeleton (D:8)
  A jackal zombie (D:5)
  16 kobolds
  9 rats
  A butterfly (Lair:2)
  11 plants
499 creatures vanquished.

Vanquished Creatures (others)
  Edmund (D:5)
  A bullfrog (D:8)
  2 bushes (Lair:6)
  14 fungi
  86 plants (Lair:6)
104 creatures vanquished.

Grand Total: 603 creatures vanquished

Notes
Turn   | Place    | Note
-------+----------+-------------------------------------------
     0 | D:1      | Peloso the Minotaur Fighter began the quest for the Orb.
     0 | D:1      | Reached XP level 1. HP: 19/19 MP: 0/0
   233 | D:1      | Reached XP level 2. HP: 21/27 MP: 1/1
   473 | D:1      | Reached skill level 4 in Shields
   949 | D:2      | Reached XP level 3. HP: 33/33 MP: 2/2
   996 | D:2      | Noticed Natasha
  1001 | D:2      | Killed Natasha
  1040 | D:2      | Reached skill level 1 in Dodging
  1076 | D:2      | Reached XP level 4. HP: 35/40 MP: 3/3
  1234 | D:2      | Found a faded altar of an unknown god.
  1304 | D:2      | Noticed Natasha
  1313 | D:2      | Killed Natasha
  1463 | D:2      | Noticed Natasha
  1478 | D:2      | Killed Natasha
  1962 | D:3      | Reached XP level 5. HP: 45/46 MP: 4/4
  2005 | D:3      | Noticed Robin
  2016 | D:3      | Reached skill level 5 in Shields
  2408 | D:3      | Killed Robin
  3292 | D:4      | Reached XP level 6. HP: 41/53 MP: 5/5
  3442 | D:4      | Reached skill level 5 in Armour
  3533 | D:4      | Reached skill level 5 in Long Blades
  3632 | D:4      | Found a white marble altar of Elyvilon.
  3929 | D:5      | Entered Level 5 of the Dungeon
  3934 | D:5      | Noticed Sigmund
  3956 | D:5      | Killed Sigmund
  3956 | D:5      | Reached XP level 7. HP: 28/60 MP: 6/6
  4308 | D:5      | Reached skill level 6 in Shields
  4468 | D:5      | HP: 2/60 [ogre/+0 giant club (27)]
  4769 | D:5      | Reached skill level 5 in Fighting
  4950 | D:5      | Noticed Edmund
  4965 | D:5      | Noticed Dowan
  4966 | D:5      | Noticed Duvessa
  4984 | D:5      | Killed Duvessa
  4984 | D:5      | Reached XP level 8. HP: 53/68 MP: 4/7
  4990 | D:5      | Killed Edmund
  5003 | D:5      | Killed Dowan
  5012 | D:5      | Got an ebony shortbow
  5173 | D:5      | Identified the +4 shortbow "Pom Qata" {flame, rElec rC+ MR+
                  | Int+2} (You found it on level 5 of the Dungeon)
  5395 | D:6      | Reached skill level 7 in Shields
  5435 | D:6      | Reached skill level 1 in Unarmed Combat
  6150 | D:6      | Found an iron altar of Okawaru.
  6151 | D:6      | Found a bloodstained altar of Trog.
  6165 | D:6      | Reached XP level 9. HP: 74/75 MP: 8/8
  6173 | D:6      | Became a worshipper of Warmaster Okawaru
  6258 | D:7      | Found a stormy altar of Qazlal.
  6331 | D:7      | Reached skill level 8 in Shields
  6647 | D:7      | Found a staircase to the Ecumenical Temple.
  6971 | D:7      | Found a sacrificial altar of Ru.
  7036 | D:7      | Reached * piety under Okawaru
  7170 | D:8      | Reached skill level 9 in Shields
  7387 | D:8      | Noticed Pikel
  7600 | D:7      | Killed Pikel
  7680 | D:8      | Reached ** piety under Okawaru
  7680 | D:8      | Reached skill level 10 in Long Blades
  7734 | D:8      | Reached skill level 10 in Shields
  7734 | D:8      | Reached XP level 10. HP: 72/84 MP: 9/9
  8114 | D:8      | Found a burning altar of Makhleb.
  8567 | D:9      | Found a staircase to the Lair.
  8576 | D:9      | Noticed a death yak
  8576 | D:9      | Noticed a death yak
  8576 | D:9      | Noticed a death yak
  8576 | D:9      | Noticed a death yak
  8606 | D:8      | Killed a death yak
  8802 | D:8      | Killed a death yak
  8802 | D:8      | Reached *** piety under Okawaru
  8949 | D:9      | Killed a death yak
  8949 | D:9      | Reached skill level 11 in Shields
  9105 | D:9      | Killed a death yak
  9111 | D:9      | Reached **** piety under Okawaru
  9128 | D:9      | Reached XP level 11. HP: 70/94 MP: 10/10
  9132 | D:9      | Reached skill level 1 in Invocations
  9585 | D:9      | Found Unasated's Serpentskin Sales.
  9657 | D:9      | Found a sparkling altar of Nemelex Xobeh.
  9871 | D:10     | Entered Level 10 of the Dungeon
 10132 | D:10     | Noticed Erolcha
 10141 | D:10     | Paralysed by Erolcha for 3 turns
 10148 | D:10     | Killed Erolcha
 10148 | D:10     | Reached skill level 10 in Armour
 10818 | D:11     | Reached ***** piety under Okawaru
 10863 | D:11     | Noticed a red ugly thing
 10877 | D:11     | Killed a red ugly thing
 11038 | D:11     | Noticed a centaur warrior
 11059 | D:11     | Reached skill level 12 in Shields
 11081 | D:11     | Killed a centaur warrior
 11103 | D:11     | Got a shimmering falchion
 11104 | D:11     | Identified the +9 falchion of War {venom, +Inv rC+ Str+3}
                  | (You found it on level 11 of the Dungeon)
 11149 | D:11     | Noticed a cyan ugly thing
 11164 | D:11     | Killed a cyan ugly thing
 11169 | D:11     | Received a gift from Okawaru
 11180 | D:11     | Got a shimmering triple sword {god gift}
 11187 | D:11     | Identified the +9 triple sword of Kuat {venom, rPois rC+}
                  | (Okawaru gifted it to you on level 11 of the Dungeon)
 11595 | Lair:1   | Entered Level 1 of the Lair of Beasts
 11867 | Lair:1   | Reached XP level 12. HP: 91/106 MP: 11/11
 12752 | Lair:2   | Reached skill level 10 in Fighting
 13073 | Lair:2   | Received a gift from Okawaru
 13791 | Lair:3   | Noticed a queen ant
 13799 | Lair:3   | Killed a queen ant
 13799 | Lair:3   | Reached skill level 13 in Shields
 13813 | Lair:3   | Reached skill level 1 in Stealth
 14167 | Lair:3   | Found a staircase to the Snake Pit.
 14223 | Lair:3   | Noticed Snorg
 14232 | Lair:3   | Killed Snorg
 14677 | Lair:4   | Noticed a four-headed hydra
 14705 | Lair:4   | Killed a four-headed hydra
 14705 | Lair:4   | Received a gift from Okawaru
 14722 | Lair:4   | Identified a +2 pair of boots of running (Okawaru gifted it
                  | to you on level 4 of the Lair of Beasts)
 14753 | Lair:4   | Noticed a six-headed hydra
 14821 | Lair:4   | Killed a six-headed hydra
 14864 | Lair:4   | Found a staircase to the Shoals.
 14866 | Lair:4   | Reached ****** piety under Okawaru
 15075 | Lair:4   | Reached skill level 1 in Maces & Flails
 15146 | Lair:4   | Found the +8 whip "Snakebite" {curare, rPois}
 15548 | Lair:4   | You fall through a shaft for 2 floors!
 15548 | Lair:6   | Entered Level 6 of the Lair of Beasts
 15550 | Lair:6   | Noticed a seven-headed hydra
 15552 | Lair:6   | Noticed a four-headed hydra
 15602 | Lair:6   | Reached XP level 13. HP: 106/116 MP: 10/13
 15606 | Lair:6   | Reached skill level 14 in Shields
 15672 | Lair:6   | Received a gift from Okawaru
 15853 | Lair:6   | Reached skill level 15 in Shields
 16080 | Lair:6   | Reached skill level 15 in Long Blades
 16104 | Lair:6   | Received a gift from Okawaru
 17108 | Lair:6   | Reached XP level 14. HP: 55/126 MP: 11/14
 17475 | Lair:6   | Received a gift from Okawaru
 17493 | Lair:6   | Reached skill level 16 in Shields
 19051 | Lair:5   | Slain by an eight-headed hydra

Skill      XL: |  1  2  3  4  5  6  7  8  9 10 11 12 13 14 |
---------------+-------------------------------------------+-----
Shields        | 4 5 6 7 10 11 12 13 15 16 | 16.1
Armour         | 4 5 6 7 8 9 10 11 12 13 | 13.2
Long Blades    | 3 4 5 6 8 10 11 13 14 15 | 15.7
Fighting       | 4 5 6 8 9 11 12 | 12.7
Dodging        | 1 2 3 |  3.8
Unarmed Combat | 1 2 |  2.0
Invocations    | 1 2 |  2.3
Stealth        | 1 |  1.9
Maces & Flails | 1 2 |  2.5
Evocations     | |  0.9

Action                   |  1- 3 |  4- 6 |  7- 9 | 10-12 | 13-15 || total
-------------------------+-------+-------+-------+-------+-------++-------
Melee: Long sword        |    64 |   122 |       |   343 |       ||   529
       Headbutt          |    10 |    36 |    76 |   200 |   183 ||   505
       Falchion          |       |    88 |   410 |   452 |   516 ||  1466
       Unarmed           |       |       |    12 |       |       ||    12
       Whip              |       |       |       |    15 |    44 ||    59
Invok: Heroism           |       |       |     1 |    14 |    10 ||    25
Evoke: Wand              |       |       |       |       |     6 ||     6
  Use: Scroll            |       |     4 |       |    14 |     8 ||    26
       Potion            |       |       |     3 |     1 |     6 ||    10
  Eat: Chunk             |       |     9 |    13 |    21 |    11 ||    54
       Ration            |       |       |       |     2 |       ||     2
Armor: Scale mail        |    41 |    45 |       |       |       ||    86
       Chain mail        |       |    68 |       |       |       ||    68
       Plate armour      |       |     7 |   161 |   268 |   262 ||   698
Dodge: Dodged            |    31 |    66 |    81 |   186 |   151 ||   515
Block: Shield            |    38 |    98 |   206 |   419 |   331 ||  1092
       Rpst.: Long sword |     6 |     9 |       |    19 |       ||    34
       Falchion          |       |     6 |    10 |    26 |    38 ||    80
